 Dungeon Crawl Stone Soup version 0.28.0-53-g5a82cb258f (webtiles) character file.

Game seed: 8954942356821666577

676 Peloso the Slasher (level 7, -2/61 HPs)
             Began as a Minotaur Fighter on May 29, 2022.
             Slain by a hobgoblin
             ... wielding a +0 scythe
              (10 damage)
             ... on level 4 of the Dungeon.
             The game lasted 00:05:19 (3822 turns).

Peloso the Slasher (Minotaur Fighter)               Turns: 3822, Time: 00:05:20

Health: -2/61      AC: 13    Str: 21    XL:     7   Next: 33%
Magic:  6/6        EV:  8    Int:  5    God:
Gold:   204        SH:  5    Dex: 17    Spells: 6/6 levels left

rFire   . . .      SeeInvis .   a - +0 long sword
rCold   . . .      Faith    .   c - +0 buckler
rNeg    . . .      Spirit   .   j - +0 chain mail
rPois   .          Reflect  .   (helmet restricted)
rElec   .          Harm     .   (no cloak)
rCorr   .          Rampage  .   (no gloves)
Will    .....                   l - +2 pair of boots
Stlth   ..........              (no amulet)
HPRegen 0.20/turn               n - +6 ring of dexterity
MPRegen 0.10/turn               (no ring)

@: no status effects
A: horns 2, retaliatory headbutt
a: no special abilities


You were on level 4 of the Dungeon.
You visited 1 branch of the dungeon, and saw 4 of its levels.

You collected 204 gold pieces.

Inventory:

Hand Weapons
 a - a +0 long sword (weapon)
Armour
 b - a +0 scale mail
 c - a +0 buckler (worn)
 j - a +0 chain mail (worn)
 l - a +2 pair of boots (worn)
Jewellery
 g - a ring of fire
 n - a +6 ring of dexterity (left hand)
Wands
 p - a wand of iceblast (24)
 s - a wand of polymorph (5)
Scrolls
 h - 2 scrolls of enchant armour {unknown}
 m - a scroll of enchant weapon {unknown}
 o - 2 scrolls of summoning {unknown}
 r - a scroll of immolation {unknown}
 u - a scroll of identify
Potions
 d - 3 potions of might
 e - a potion of haste {unknown}
 f - 2 potions of flight
 i - a potion of resistance
 k - a potion of curing {unknown}
 q - a potion of attraction {unknown}
 t - a potion of heal wounds {unknown}
 v - a potion of magic {unknown}


   Skills:
 + Level 5.2 Fighting
 + Level 6.3 Long Blades
 + Level 6.3 Armour
 + Level 1.1 Dodging
 + Level 0.8 Stealth
 + Level 4.9 Shields
 + Level 0.1 Evocations


You had 6 spell levels left.
You didn't know any spells.
Your spell library contained the following spells:

 Spells                   Type           Power      Damage    Failure   Level
 Tukima's Dance           Hex            0%         N/A       100%        3
 Passage of Golubria      Tloc           0%         N/A       100%        4
 Yara's Violent Unravell  Hex/Tmut       0%         3d3       100%        5


Dungeon Overview and Level Annotations

Branches:
Dungeon (4/15)
 Temple: D:4-7

Altars:
Ashenzari
Cheibriados
Nemelex Xobeh
Qazlal
Ru
Wu Jian
The Shining One


Innate Abilities, Weirdness & Mutations

You have a pair of horns on your head.
You reflexively headbutt those who attack you in melee.


Message History

A hobgoblin opens the door.
You block the hobgoblin's attack. The hobgoblin barely misses you.
The hobgoblin barely misses you.
The hobgoblin hits you with a +0 scythe.
You slash the hobgoblin!
You kill the hobgoblin!
The hobgoblin hits you from afar with a +0 scythe.
The hobgoblin barely misses you. The hobgoblin closely misses you.
Things that are here:
a +0 scythe; a +0 robe; a hobgoblin corpse You slash the hobgoblin!
You kill the hobgoblin!
The hobgoblin closely misses you.
The hobgoblin hits you but does no damage.
The hobgoblin barely misses you. The hobgoblin closely misses you.
The hobgoblin hits you from afar with a +0 scythe.
The hobgoblin hits you with a +0 scythe.
Things that are here:
a +0 scythe; a +0 robe; a hobgoblin corpse You slash the hobgoblin!
You kill the hobgoblin!
The hobgoblin barely misses you. x2; The hobgoblin closely misses you.
The hobgoblin hits you from afar with a +0 scythe.
You block the hobgoblin's attack.
Things that are here:
a +0 scythe; a +0 robe The hobgoblin misses you.
The hobgoblin hits you with a +0 scythe.
* * * LOW HITPOINT WARNING * * *
The hobgoblin closely misses you.
You hit the hobgoblin but do no damage. The hobgoblin barely misses you. x2
The hobgoblin hits you but does no damage.
You closely miss the hobgoblin.
The hobgoblin hits you from afar with a +0 scythe!
* * * LOW HITPOINT WARNING * * *
The hobgoblin completely misses you.
The hobgoblin hits you with a +0 scythe!
You die...

...............# #.#
......#(.......# #.#
......#####....# #.#
......#...#....# #.#
......#...#....# #.#
......##'##....# #.#
......#........######.#
......#..g.#####)g)...#
......g...g..# #@######
......#.###.'###g#
......#.....g...g#
......♣.♣........#
......#..........#
......♣.♣.......##
................#
.....#♣.♣.....###
.....#........#


You could see 3 hobgoblins.

Vanquished Creatures
  Sigmund (D:3)
  Edmund (D:4)
  A water moccasin (D:4)
  Blork the orc (D:4)
  2 bullfrog skeletons
  Terence (D:2)
  A killer bee zombie (D:4)
  Robin (D:3)
  3 adders
  2 worms
  3 dart slugs
  7 ball pythons
  6 endoplasms
  3 giant cockroaches
  14 goblins
  9 hobgoblins
  2 jackals (D:3)
  2 quokkas
  3 bats
  A frilled lizard (D:3)
  3 kobolds
  4 rats
71 creatures vanquished.

Vanquished Creatures (others)
  A plant (D:4)
  5 toadstools (D:1)
6 creatures vanquished.

Grand Total: 77 creatures vanquished

Notes
Turn   | Place    | Note
-------+----------+-------------------------------------------
     0 | D:1      | Peloso the Minotaur Fighter began the quest for the Orb.
     0 | D:1      | Reached XP level 1. HP: 19/19 MP: 0/0
   316 | D:1      | Reached XP level 2. HP: 27/27 MP: 1/1
   490 | D:1      | Found a faded altar of an unknown god.
  1028 | D:2      | Reached XP level 3. HP: 33/33 MP: 2/2
  1335 | D:2      | Noticed Terence
  1348 | D:2      | Killed Terence
  1795 | D:3      | Reached XP level 4. HP: 41/41 MP: 3/3
  2236 | D:3      | Noticed Sigmund
  2245 | D:3      | Killed Sigmund
  2246 | D:3      | Reached skill level 5 in Long Blades
  2246 | D:3      | Reached skill level 5 in Armour
  2246 | D:3      | Reached XP level 5. HP: 44/47 MP: 4/4
  2246 | D:3      | Reached XP level 6. HP: 52/55 MP: 5/5
  2267 | D:3      | Noticed Robin
  2287 | D:3      | Killed Robin
  2824 | D:4      | Noticed Edmund
  2836 | D:4      | Killed Edmund
  2837 | D:4      | Reached skill level 5 in Fighting
  3292 | D:4      | Noticed Blork the orc
  3303 | D:4      | Killed Blork the orc
  3304 | D:4      | Reached skill level 1 in Dodging
  3304 | D:4      | Reached XP level 7. HP: 46/61 MP: 6/6
  3662 | D:4      | Found a broken altar of Ashenzari.
  3665 | D:4      | Found a sacrificial altar of Ru.
  3665 | D:4      | Found a glowing golden altar of the Shining One.
  3666 | D:4      | Found a stormy altar of Qazlal.
  3666 | D:4      | Found a sparkling altar of Nemelex Xobeh.
  3666 | D:4      | Found a snail-covered altar of Cheibriados.
  3667 | D:4      | Found an ornate altar of the Wu Jian Council.
  3822 | D:4      | Slain by a hobgoblin

Illustrated notes

Levels and vault maps discovered:
D:1:      ldierk_walled_garden, layout_basic, serial_forest,
          infiniplex_forest_lined_3_way, infiniplex_forest_clump_medium,
          infiniplex_forest_clump_tiny, infiniplex_forest_corner_2,
          infiniplex_forest_join, infiniplex_forest_lined_room_2,
          shapermc_ecumenical_altar_ellora
D:2:      layout_basic, uniq_terence
D:3:      layout_loops_corners, uniq_sigmund, uniq_robin
D:4:      layout_basic, grunt_temple_overflow_open, serial_forest,
          infiniplex_forest_straight_3, infiniplex_forest_lined_room_2,
          infiniplex_forest_lined_2, infiniplex_forest_clump_cross,
          sigmund_army, uniq_blork_the_orc, uniq_edmund

Skill      XL: |  1  2  3  4  5  6  7 |
---------------+----------------------+-----
Armour         | 4 5 6 |  6.3
Fighting       | 4 5 |  5.2
Long Blades    | 3 5 6 |  6.3
Shields        | 4 |  4.9
Dodging        | 1 |  1.1
Stealth        | |  0.8
Evocations     | |  0.1

Action                   |  1- 3 |  4- 6 |  7- 9 || total
-------------------------+-------+-------+-------++-------
Melee: Long sword        |    78 |   100 |    21 ||   199
       Headbutt          |    13 |    17 |     1 ||    31
Evoke: Wand              |       |     2 |       ||     2
  Use: Scroll            |     3 |       |       ||     3
Armor: Scale mail        |    12 |       |       ||    12
       Chain mail        |    21 |    65 |    16 ||   102
Dodge: Dodged            |    26 |    52 |    21 ||    99
Block: Buckler           |    17 |    38 |     6 ||    61
